 Dungeon Crawl Stone Soup version 0.32-a0-893-gf85d74f360 (webtiles) character file.

Game seed: 10223925727711008535

967 Blueant the Magician (level 7, 0/36 HPs)
             Began as a Deep Elf Ice Elementalist on Apr 3, 2024.
             Slain by a wight
             ... wielding a +5 war axe
              (17 damage)
             ... on level 5 of the Dungeon.
             The game lasted 00:17:53 (5376 turns).

Blueant the Magician (Deep Elf Ice Elementalist)    Turns: 5376, Time: 00:17:53

Health: 0/36       AC: 11    Str:  5    XL:     7   Next: 93%
Magic:  20/20      EV: 13    Int: 22    God:
Gold:   256        SH:  0    Dex: 15    Spells: 11/21 levels left

rFire   . . .        (no weapon)
rCold   . . .        (no shield)
rNeg    . . .        a - +1 robe
rPois   .            (no helmet)
rElec   .            (no cloak)
rCorr   .            (no gloves)
SInv    .            (no boots)
Will    .....        (no amulet)
Stlth   +++          (no ring)
HPRegen 0.26/turn    (no ring)
MPRegen 0.17/turn

%: no passive effects
@: ice-armoured, freezing walls
A: no striking features
a: no special abilities


You were on level 5 of the Dungeon.
You visited 1 branch of the dungeon, and saw 5 of its levels.
You also visited: Sewer.

You collected 256 gold pieces.

Inventory:

Hand Weapons
 g - a +1 dagger of protection
Armour
 a - a +1 robe (worn)
 v - the +1 leather armour of Youthful Indiscretion {Harm rElec rC- Slay+2}
   (You took it off a kobold on level 4 of the Dungeon)

   Slay+2:    It affects your accuracy & damage with ranged weapons and melee
   (+2).
   rC-:       It makes you vulnerable to cold.
   rElec:     It insulates you from electricity.
   Harm:      It increases damage dealt and taken.
Magical Staves
 f - a staff of earth
Jewellery
 l - a ring of protection from cold
 w - a ring of poison resistance
Wands
 s - a wand of quicksilver (13)
Scrolls
 c - 2 scrolls of fear
 e - 8 scrolls of identify
 h - a scroll of amnesia
 m - a scroll of blinking {unknown}
 p - 3 scrolls of teleportation {unknown}
 u - a scroll of revelation {unknown}
 x - a scroll of immolation {unknown}
 y - a scroll of poison {unknown}
Potions
 b - a potion of magic
 d - a potion of brilliance {unknown}
 i - a potion of curing {unknown}
 j - a potion of resistance {unknown}
 k - a potion of heal wounds {unknown}
 n - 3 potions of mutation {unknown}
 o - a potion of might {unknown}
 q - a potion of experience {unknown}
 r - a potion of enlightenment {unknown}
 t - a potion of degeneration {unknown}


   Skills:
 + Level 4.8 Dodging
 + Level 5.2 Stealth
 * Level 7.6 Spellcasting
 * Level 7.3 Ice Magic


You had 11 spell levels left.
You knew the following spells:

 Your Spells              Type           Power      Damage    Failure   Level
a - Freeze                Ice            100%       1d10      1%          1
b - Frozen Ramparts       Ice            80%        1d13      1%          3
c - Ozocubu's Armour      Ice            40%        N/A       1%          3
d - Summon Ice Beast      Ice/Summ       24%        N/A       4%          3

Your spell library contained the following spells:

 Spells                   Type           Power      Damage    Failure   Level
 Magic Dart               Conj           32%        1d4       8%          1
 Searing Ray              Conj           16%        2d5       12%         2
 Fulminant Prism          Conj/Alch      4%         3d5       61%         4


Dungeon Overview and Level Annotations

Branches:
Dungeon (5/15)              Sewer (visited)
 Temple: D:4-7

Altars:
Dithmenos
Zin

Shops:
D:3 *(*?


Message History

Confirm with . or Enter, or press ? or * to list all spells.
A film of ice covers your body!
The wight resists.
The wall freezes the wight.
The wight closely misses you.
The wight completely resists.
The wall freezes the wight but does no damage.
Aiming: Freeze (safe; 1% risk of failure)
Press: ? - help, Q - select action, (/) - cycle Shift-Dir - straight line, f - wight
Aim: a wight, wielding a +0 long sword and wearing a +0 robe (moderately damaged, ally target)
You freeze the wight but do no damage.
The wight completely resists.
The wight completely resists.
The wall freezes the wight but does no damage.
The wight barely misses you.
The wight resists.
The wall freezes the wight.
Aiming: Freeze (safe; 1% risk of failure)
Press: ? - help, Q - select action, (/) - cycle Shift-Dir - straight line, f/p - wight
Aim: a wight, wielding a +0 long sword and wearing a +0 robe (moderately damaged, ally target)
You freeze the wight.
The wight resists.
The wight is moderately damaged.
The wight resists.
The wall freezes the wight.
The wight completely resists.
The wall freezes the wight but does no damage.
Aiming: Freeze (safe; 1% risk of failure)
Press: ? - help, Q - select action, (/) - cycle Shift-Dir - straight line, f/p - wight
Aim: a wight, wielding a +0 long sword and wearing a +0 robe (moderately damaged, ally target)
You freeze the wight.
The wight resists.
The wight is heavily damaged.
The frozen ramparts melt away.
Your ice beast hits the wight.
Your ice beast freezes the wight.
The wight resists.
The wight closely misses you. The wight misses you.
Casting: Freeze (safe; 1% risk of failure)
Confirm with . or Enter, or press ? or * to list all spells.
Casting: Frozen Ramparts (safe; 1% risk of failure)
Press: ? - help, Dir - look around, f - activate The walls around you are covered in ice.
The wight resists.
The wall freezes the wight.
The wight hits you with a +0 long sword.
Your ice beast barely misses the wight.
The wight resists.
The wall freezes the wight.
The wight closely misses you. Magic courses through your body.
The wight completely resists.
The wall freezes the wight but does no damage.
The wight hits you but does no damage.
The wight resists.
The wall freezes the wight.
The wight hits you with a +5 war axe!
You die...

.....#....#
#<.#######....### .
#..#......(.....# ..
#..#............#
...##..#............#
.....#............#
...#.....########
###z#.....#
#..z@.....#
#...Y.....#
+....###### #....#
#....+ #....# #....#
#....#


You could see 2 wights and a friendly ice beast (summoned).

Vanquished Creatures
  An ogre (D:4)
  A black bear (D:5)
  A scorpion (D:4)
  A bullfrog (Sewer)
  A hound (D:5)
  An orc priest (D:4)
  2 gnolls (D:4)
  10 adders
  3 river rats (Sewer)
  2 dart slugs
  A ribbon worm (D:2)
  10 orcs
  9 ball pythons
  11 endoplasms
  2 giant cockroaches
  5 goblins
  2 hobgoblins
  4 jackals (D:3)
  7 kobolds
  5 quokkas
  3 bats
  5 frilled lizards
  13 rats
100 creatures vanquished.

Vanquished Creatures (collateral kills)
  An ogre (D:5)
  A bullfrog (Sewer)
  A scorpion (D:5)
  2 iguanas
  A gnoll (D:4)
  4 river rats (Sewer)
  6 adders
  A ribbon worm (D:4)
  2 endoplasms
  7 ball pythons (Sewer)
  2 frilled lizards
  A kobold (D:4)
  7 rats
36 creatures vanquished.

Grand Total: 136 creatures vanquished

Notes
Turn   | Place    | Note
-------+----------+-------------------------------------------
     0 | D:1      | Blueant the Deep Elf Ice Elementalist began the quest for
                  | the Orb.
     0 | D:1      | Reached XP level 1. HP: 10/10 MP: 6/6
   245 | D:1      | Reached XP level 2. HP: 12/15 MP: 5/8
  1275 | D:2      | Reached XP level 3. HP: 16/19 MP: 7/10
  1453 | D:2      | Learned a level 3 spell: Frozen Ramparts
  1457 | D:2      | Learned a level 3 spell: Ozocubu's Armour
  1642 | D:2      | Found a faded altar of an unknown god.
  1967 | D:3      | Found Naysm's Assorted Antiques.
  2083 | D:3      | Reached skill level 5 in Ice Magic
  2205 | D:3      | Found Fiud Vefent's Antique Weapon Boutique.
  2341 | D:3      | Found a glowing drain.
  2349 | D:3      | Reached XP level 4. HP: 16/24 MP: 7/12
  2356 | Sewer    | Entered a sewer
  2556 | Sewer    | Learned a level 3 spell: Summon Ice Beast
  2626 | Sewer    | Reached XP level 5. HP: 17/28 MP: 1/14
  2627 | Sewer    | Reached skill level 5 in Spellcasting
  2987 | Sewer    | Reached XP level 6. HP: 32/32 MP: 7/16
  3425 | D:3      | Found Piowkacy's General Store.
  3474 | D:3      | Found Reaf's Magic Scroll Shoppe.
  4097 | D:4      | Identified the +1 leather armour of Youthful Indiscretion
                  | {Harm rElec rC- Slay+2}
  4211 | D:4      | Reached XP level 7. HP: 28/36 MP: 7/18
  4317 | D:4      | Found a shadowy altar of Dithmenos.
  4766 | D:4      | Found a glowing silver altar of Zin.
  4968 | D:5      | Entered Level 5 of the Dungeon
  5061 | D:5      | Reached skill level 5 in Stealth
  5376 | D:5      | Slain by a wight

Illustrated notes

Levels and vault maps discovered:
D:1:      elethiomel_arrival_infinity_welcomes_careful_drivers,
          layout_loops_cross
D:2:      wander_river, layout_loops_corners,
          hellmonk_ecumenical_altar_slurped_away, minivault_24
D:3:      layout_basic, serial_shops, shop, nicolae_shop_real_fake_doors, shop,
          shop, gup_sewer_entry_glass, interstate_on_off
D:4:      layout_loops_cross, lemuel_crystal_altar, lemuel_doored_altar,
          minmay_vboxes
D:5:      layout_gridville, regret_index_kikubaaqudgha_part_by_part,
          minmay_temple_entry_statues

Skill      XL: |  1  2  3  4  5  6  7 |
---------------+----------------------+-----
Spellcasting   | 4 5 6 7 |  7.6
Stealth        | 3 4 5 |  5.2
Ice Magic      | 5 6 7 |  7.3
Dodging        | 3 4 |  4.8

Action                     |  1- 3 |  4- 6 |  7- 9 || total
---------------------------+-------+-------+-------++-------
  Melee: Unarmed           |     1 |     3 |       ||     4
   Cast: Freeze            |    61 |    28 |     7 ||    96
         Frozen Ramparts   |     3 |    14 |    18 ||    35
         Ozocubu's Armour  |     2 |     4 |     2 ||     8
         Summon Ice Beast  |       |    14 |     2 ||    16
    Use: Scroll            |     5 |       |       ||     5
         Potion            |       |       |     1 ||     1
 Armour: Robe              |    38 |    34 |    18 ||    90
  Dodge: Dodged            |    44 |    31 |    22 ||    97

Table legend: (Time is in decaauts)
 A = Elapsed time spent in this place.
 B = Non-inter-level travel time spent in this place.
 C = Inter-level travel time spent in this place.
 D = Time resting spent in this place.
 E = Time spent auto-exploring this place.
 F = Levels seen in this place.
 G = Mean time per level.
                   A        B        C        D        E       F      G
               +--------+--------+--------+--------+--------+-----+--------+
         Total |   5442 |   5361 |     81 |      0 |   4378 |   6 |  907.0 |
       Dungeon |   4668 |   4587 |     81 |      0 |   3870 |   5 |  933.6 |
         Sewer |    774 |    774 |      0 |      0 |    508 |   1 |  774.0 |
               +--------+--------+--------+--------+--------+-----+--------+

Top non-repeatable levels by time:
     D:4: 1200 daAuts
     D:3: 1106 daAuts
     D:2: 1032 daAuts
     D:1: 921 daAuts
   Sewer: 774 daAuts
     D:5: 407 daAuts
